[Event "Titled Tuesday Blitz May 16 Early 2023"]
[White "Bocharov, Dmitry"]
[Black "Swiercz, Dariusz"]
[WhiteFideId "4138716"]
[BlackFideId "1126881"]
[WhiteElo "2469"]
[BlackElo "2620"]
[Result "0-1"]
[Round "07"]
[TimeControl "180+2"]
[Date "2023.05.16"]
[WhiteClock "0:00:00"]
[BlackClock "0:00:03"]

1. c4 g6 2. Nf3 Bg7 3. d4 Nf6 4. g3 O-O 5. Bg2 d6 6. O-O c6 7. Nc3 Bf5 8. Re1 Ne4 9. Qb3 Nxc3 10. bxc3 Bc8 11. e4 Nd7 12. Ba3 Qa5 13. e5 c5 14. Rad1 Nb6 15. exd6 exd6 16. Nd2 Bg4 17. Rb1 cxd4 18. Bb4 Qh5 19. cxd4 Bxd4 20. Ne4 Be6 21. Bc3 Qe5 22. Bxd4 Qxd4 23. Rbd1 Qg7 24. Nxd6 Rfd8 25. Qb4 Rab8 26. c5 Nd7 27. Nxb7 Rdc8 28. c6 Ne5 29. Qf4 f6 30. Nd6 Rc7 31. Ne4 Rf8 32. Nxf6+ Qxf6 33. Qxf6 Rxf6 34. Rxe5 Bxa2 35. Rd7 Rc8 36. Rxa7 Bc4 37. Ree7 Rd6 38. Rg7+ Kf8 39. Rgd7 Re6 40. Rf7+ Kg8 41. Rg7+ Kf8 42. h4 h5 43. Rh7 Kg8 44. Rhe7 Rxe7 45. Rxe7 Kf8 46. Rd7 Be6 47. Rd6 Bf5 48. Rd1 Ke7 49. Rc1 Kd6 0-1


[Site "https://www.chess.com"]

[Event "Titled Tuesday Blitz May 16 Early 2023"]
[White "Kramnik, Vladimir"]
[Black "Gunina, Valentina"]
[WhiteFideId "4101588"]
[BlackFideId "4167570"]
[WhiteElo "2703"]
[BlackElo "2352"]
[Result "1/2-1/2"]
[Round "07"]
[TimeControl "180+2"]
[Date "2023.05.16"]
[WhiteClock "0:00:19"]
[BlackClock "0:00:29"]

1. c4 c6 2. Nf3 d5 3. e3 Bg4 4. cxd5 Bxf3 5. gxf3 cxd5 6. Qb3 Qc7 7. Bb5+ Nd7 8. Nc3 e6 9. d4 a6 10. Bxd7+ Qxd7 11. Bd2 Nf6 12. Na4 Qb5 13. Rc1 Bd6 14. Nb6 Qxb3 15. axb3 Rd8 16. Ba5 Ke7 17. Ke2 Nd7 18. Nxd7 Rxd7 19. f4 g6 20. Rc2 b6 21. Bxb6 Rb8 22. Rc6 Rdb7 23. Ba5 Rxb3 24. Rxa6 Rxb2+ 25. Kf3 Rc2 26. Ra1 h5 27. Be1 Rb7 28. Ra8 Kf6 29. R1a6 Bb4 30. Bxb4 Rxb4 31. Ra2 Rbb2 32. Rxb2 Rxb2 33. Ra7 Rb1 34. Kg2 Rb8 35. Kg3 Rf8 36. f3 Rb8 37. Ra3 Rb2 38. Rc3 Re2 39. Rb3 Kf5 40. h4 Kf6 41. Ra3 Kf5 42. Ra7 Kf6 43. Ra3 Kf5 44. Rb3 Kf6 45. Ra3 1/2-1/2


[Site "https://www.chess.com"]

[Event "Titled Tuesday Blitz May 16 Early 2023"]
[White "Keymer, Vincent"]
[Black "Priasmoro, Novendra"]
[WhiteFideId "12940690"]
[BlackFideId "7105029"]
[WhiteElo "2669"]
[BlackElo "2412"]
[Result "0-1"]
[Round "07"]
[TimeControl "180+2"]
[Date "2023.05.16"]
[WhiteClock "0:00:01"]
[BlackClock "0:00:15"]

1. a3 Nf6 2. Nf3 g6 3. b4 Bg7 4. Bb2 O-O 5. g3 c6 6. Bg2 a5 7. c4 axb4 8. axb4 Rxa1 9. Bxa1 d5 10. Na3 dxc4 11. Nxc4 Na6 12. Qb1 b5 13. Nce5 Qd6 14. O-O Nxb4 15. Rc1 c5 16. h3 Be6 17. d4 c4 18. e4 Na6 19. d5 Bd7 20. Ng5 Qb4 21. Qa2 Nc5 22. Ngxf7 Nb3 23. Rb1 Qd2 24. Qa7 c3 25. Bxc3 Qxc3 26. Nxd7 Rxf7 27. Qb8+ Bf8 28. Ne5 Qc2 29. Rf1 Nd2 30. Re1 Nfxe4 31. Nxf7 Nf3+ 32. Bxf3 Qxf2+ 33. Kh1 Qxe1+ 0-1


[Site "https://www.chess.com"]

[Event "Titled Tuesday Blitz May 16 Early 2023"]
[White "Alex_Sahakyan2006"]
[Black "Drygalov, Sergey"]
[BlackFideId "24171743"]
[WhiteElo "2670"]
[BlackElo "2533"]
[Result "1/2-1/2"]
[Round "07"]
[TimeControl "180+2"]
[Date "2023.05.16"]
[WhiteClock "0:00:03"]
[BlackClock "0:00:06"]

1. d4 Nf6 2. Nf3 c5 3. d5 g6 4. Nc3 d6 5. e4 Bg7 6. Be2 O-O 7. O-O Bg4 8. Nd2 Bxe2 9. Qxe2 Na6 10. Nc4 Nc7 11. a4 e6 12. dxe6 Nxe6 13. Be3 Nd4 14. Bxd4 cxd4 15. Nd5 Nxd5 16. exd5 Rc8 17. Rad1 Rc5 18. b3 Rxd5 19. Qe4 Rc5 20. Qxb7 d5 21. Na3 Rc7 22. Qa6 h5 23. Nb5 Rxc2 24. Qxa7 h4 25. h3 Rb2 26. Nxd4 Qf6 27. Nf3 Rxb3 28. Rxd5 Rxf3 29. gxf3 Qxf3 30. Qd7 Bf6 31. Rd3 Qe4 32. Re3 Qc4 33. Qg4 Qc6 34. a5 Ra8 35. Qf3 Qa6 36. Rfe1 Kg7 37. Rd1 Qxa5 38. Rd6 Qg5+ 39. Kh1 Ra1+ 40. Rd1 Ra4 41. Rg1 Qc5 42. Qg2 Rd4 43. Rf3 Qd6 44. Re3 Qc5 45. Qf3 Qd6 46. Re4 Rd3 47. Re3 Rd5 48. Qe4 Qd7 49. Qg4 Qd6 50. Qe4 Rd4 51. Qf3 Rf4 52. Qg2 Qd4 53. Rf3 Re4 54. Qh2 Qd5 55. Qg2 Qd4 56. Rf1 Be5 57. Kg1 Bf6 58. Kh1 Re5 59. Qg4 Re4 60. Qg2 1/2-1/2


[Site "https://www.chess.com"]

[Event "Titled Tuesday Blitz May 16 Early 2023"]
[White "Durarbayli, Vasif"]
[Black "koncheto"]
[WhiteFideId "13402935"]
[WhiteElo "2551"]
[BlackElo "2589"]
[Result "1-0"]
[Round "07"]
[TimeControl "180+2"]
[Date "2023.05.16"]
[WhiteClock "0:00:10"]
[BlackClock "0:00:03"]

1. e4 c5 2. Nf3 d6 3. d4 cxd4 4. Nxd4 Nf6 5. Nc3 Nc6 6. f3 e6 7. Be3 a6 8. Qd2 Bd7 9. O-O-O h5 10. Kb1 Rc8 11. Nxc6 Bxc6 12. Ne2 Be7 13. Nd4 Bd7 14. Bd3 Qc7 15. c4 e5 16. Nf5 Bxf5 17. exf5 Nd7 18. Be4 Nf6 19. Rc1 Nxe4 20. fxe4 Qc6 21. Qd3 h4 22. Rhd1 O-O 23. g4 Bd8 24. g5 Ba5 25. f6 g6 26. a3 Bb6 27. Bxb6 Qxb6 28. Qe2 Kh7 29. Rd2 Qb3 30. Rc3 Qb6 31. Qe1 Rh8 32. Rh3 Kg8 33. Rxh4 Rxh4 34. Qxh4 Kf8 35. Qh8# 1-0


[Site "https://www.chess.com"]

[Event "Titled Tuesday Blitz May 16 Early 2023"]
[White "Pacan-Milej, Kosma"]
[Black "Nakamura, Hikaru"]
[WhiteFideId "21800537"]
[BlackFideId "2016192"]
[WhiteElo "2302"]
[BlackElo "2885"]
[Result "0-1"]
[Round "07"]
[TimeControl "180+2"]
[Date "2023.05.16"]
[WhiteClock "0:00:00"]
[BlackClock "0:00:05"]

1. d4 g6 2. c4 Bg7 3. e4 d6 4. Nc3 Nf6 5. h3 Nbd7 6. Be3 c5 7. d5 b5 8. cxb5 a6 9. Nf3 O-O 10. bxa6 Bxa6 11. Bxa6 Rxa6 12. O-O Qb8 13. Qc2 Ne8 14. a4 Nc7 15. b3 f5 16. exf5 Rxf5 17. Rad1 Rxf3 18. gxf3 Rb6 19. Rb1 Rb4 20. f4 Nf6 21. Rfd1 Qc8 22. Kg2 Qa8 23. Qe2 e6 24. Qf3 exd5 25. Nb5 Nxb5 26. axb5 Rxb5 27. f5 Qb7 28. fxg6 hxg6 29. Rg1 Ne4 30. Kh1 d4 31. Bf4 c4 32. Rg2 Rxb3 33. Rxb3 cxb3 34. Bc1 d3 35. Rxg6 Nxf2+ 36. Kg2 Qxf3+ 37. Kxf3 Nd1 38. Rxd6 b2 39. Bxb2 Nxb2 40. Ke3 Nc4+ 41. Kxd3 Nxd6 0-1


[Site "https://www.chess.com"]

[Event "Titled Tuesday Blitz May 16 Early 2023"]
[White "Nihal Sarin"]
[Black "Pakleza, Zbigniew"]
[WhiteFideId "25092340"]
[BlackFideId "1119290"]
[WhiteElo "2689"]
[BlackElo "2410"]
[Result "1-0"]
[Round "07"]
[TimeControl "180+2"]
[Date "2023.05.16"]
[WhiteClock "0:01:50"]
[BlackClock "0:00:53"]

1. b4 d5 2. Bb2 Nf6 3. Nf3 Bf5 4. e3 e6 5. a3 h6 6. c4 c6 7. Nc3 Be7 8. Be2 O-O 9. O-O Bh7 10. Rc1 Nbd7 11. cxd5 cxd5 12. Qb3 a5 13. Nb5 axb4 14. axb4 Ne4 15. Rc7 Rb8 16. Rfc1 Nd6 17. Ne5 Nxb5 18. Rxd7 Nd6 19. Rxd8 Rfxd8 20. d3 1-0


[Site "https://www.chess.com"]

[Event "Titled Tuesday Blitz May 16 Early 2023"]
[White "Grischuk, Alexander"]
[Black "Averjanov, Alexey"]
[WhiteFideId "4126025"]
[BlackFideId "14109867"]
[WhiteElo "2721"]
[BlackElo "2805"]
[Result "1-0"]
[Round "07"]
[TimeControl "180+2"]
[Date "2023.05.16"]
[WhiteClock "0:01:19"]
[BlackClock "0:00:17"]

1. e4 c6 2. Nc3 d5 3. d3 e5 4. Nf3 d4 5. Ne2 Bd6 6. g3 c5 7. Bg2 Nc6 8. O-O Nge7 9. Nh4 O-O 10. f4 exf4 11. gxf4 f5 12. Ng3 Bc7 13. Qh5 Be6 14. Bd2 Qd7 15. Rae1 Rae8 16. Nf3 fxe4 17. Ng5 h6 18. Nxe6 Qxe6 19. Bxe4 Qd6 20. Re2 Kh8 21. Rg2 Rg8 22. Nf5 Nxf5 23. Qxf5 g6 24. Qh3 Kh7 25. f5 Rxe4 26. Qxh6# 1-0


[Site "https://www.chess.com"]

[Event "Titled Tuesday Blitz May 16 Early 2023"]
[White "Ilamparthi A R"]
[Black "Makarian, Rudik"]
[WhiteFideId "45015775"]
[BlackFideId "44105681"]
[WhiteElo "2348"]
[BlackElo "2461"]
[Result "1/2-1/2"]
[Round "07"]
[TimeControl "180+2"]
[Date "2023.05.16"]
[WhiteClock "0:00:13"]
[BlackClock "0:00:05"]

1. e4 c5 2. Nf3 Nc6 3. b4 b6 4. b5 Na5 5. c3 Nf6 6. e5 Nd5 7. d4 cxd4 8. cxd4 e6 9. Bd3 Bb7 10. O-O Be7 11. Nbd2 O-O 12. Ne4 f5 13. exf6 Nxf6 14. Ng3 Rc8 15. Re1 Nc4 16. Qe2 Bd5 17. Ne5 Nd6 18. Nh5 Qe8 19. Nxf6+ Bxf6 20. Ba3 Be7 21. Rac1 Rxc1 22. Rxc1 Nf5 23. Bxe7 Qxe7 24. Qg4 d6 25. Nc6 Qf6 26. Bxf5 exf5 27. Qf4 g5 28. Qd2 f4 29. Re1 Rf7 30. Nb4 Be6 31. d5 Bf5 32. Nc6 Kg7 33. Qd4 Qxd4 34. Nxd4 Bd3 35. Re6 Rd7 36. h4 gxh4 37. Kh2 Bc4 38. Nf5+ Kf8 39. Rxd6 Rxd6 40. Nxd6 Bxd5 41. Nc8 Ke8 42. Nxa7 Kd7 43. a4 Bb3 44. Kh3 Bxa4 45. Kxh4 Kc7 46. Kg4 Kb7 47. Nc6 Bxb5 48. Nd4 Bf1 49. Kxf4 Bxg2 50. Kg5 Kc7 51. f4 Kd6 52. f5 Bd5 53. f6 Kc5 54. Nf5 b5 55. Ne3 Bf7 56. Kh6 b4 57. Kxh7 Kd4 58. Nc2+ Kc3 59. Nxb4 Kxb4 60. Kg7 Bd5 61. f7 Bxf7 1/2-1/2


[Site "https://www.chess.com"]

[Event "Titled Tuesday Blitz May 16 Early 2023"]
[White "Lazavik, Denis"]
[Black "Bondau"]
[WhiteFideId "13515110"]
[WhiteElo "2560"]
[BlackElo "2777"]
[Result "0-1"]
[Round "07"]
[TimeControl "180+2"]
[Date "2023.05.16"]
[WhiteClock "0:00:01"]
[BlackClock "0:00:06"]

1. d4 Nf6 2. c4 g6 3. Nc3 Bg7 4. g3 O-O 5. Bg2 d6 6. Nf3 Nc6 7. O-O a6 8. h3 Rb8 9. e4 e5 10. d5 Ne7 11. a4 Nd7 12. a5 h6 13. Ra3 f5 14. exf5 Nxf5 15. b4 Nf6 16. Nd2 g5 17. Nde4 Nd4 18. Be3 Bf5 19. Nxf6+ Bxf6 20. Ne4 Bg7 21. g4 Bg6 22. Ng3 Qd7 23. Be4 Bxe4 24. Nxe4 Nf3+ 25. Kg2 Nh4+ 26. Kh1 Rf3 27. Bc1 Rbf8 28. Re3 Qf7 29. Qe2 Qg6 30. Ng3 e4 31. Rxf3 Rxf3 32. Qxe4 Rxg3 33. Qxg6 Rxh3+ 34. Kg1 Nxg6 35. f3 Ne5 36. Kg2 Rh4 37. Be3 Nxc4 38. Bf2 h5 39. Rc1 Ne5 40. Bxh4 gxh4 41. gxh5 c6 42. f4 Nd3 43. dxc6 bxc6 44. Rxc6 Nxb4 45. Rb6 Bc3 46. Kh3 d5 47. Kxh4 d4 48. Rd6 d3 49. Kg5 d2 50. Kg6 Kf8 51. f5 Ke7 52. Re6+ Kd7 53. Re3 d1=Q 54. Rxc3 Qg4+ 55. Kf7 Qxf5+ 0-1


[Site "https://www.chess.com"]

[Event "Titled Tuesday Blitz May 16 Early 2023"]
[White "Bryakin, Mikhail"]
[Black "Van Foreest, Jorden"]
[WhiteFideId "4165314"]
[BlackFideId "1039784"]
[WhiteElo "2467"]
[BlackElo "2633"]
[Result "0-1"]
[Round "07"]
[TimeControl "180+2"]
[Date "2023.05.16"]
[WhiteClock "0:00:00"]
[BlackClock "0:00:07"]

1. Nf3 d6 2. b3 e5 3. e4 f5 4. d3 Nf6 5. Nbd2 Be7 6. Bb2 O-O 7. Qe2 Nc6 8. g3 a5 9. a3 Qe8 10. Bg2 h6 11. O-O f4 12. gxf4 Nh5 13. f5 Nf4 14. Qe3 Ng6 15. fxg6 Qxg6 16. Kh1 Qh5 17. Rg1 Bg4 18. d4 Rf4 19. dxe5 Raf8 20. exd6 Bxd6 21. e5 Be7 22. Ne1 Rxf2 23. Ne4 Re2 24. Qc3 Rxg2 25. Rxg2 Nxe5 26. Ng3 Qh3 27. Qxe5 Bf6 28. Qd5+ Be6 29. Qh5 Bxb2 30. Rb1 Qxh5 31. Nxh5 Bd5 32. Nd3 Bxa3 33. Nhf4 Bc6 34. Kg1 Bd6 35. Rf2 Rf5 36. Ng2 Rh5 37. h4 b5 38. Re1 a4 39. bxa4 bxa4 40. c4 Bg3 41. Re6 Bxf2+ 42. Kxf2 Bxg2 43. Kxg2 Rxh4 44. Rc6 Rd4 45. Nb4 a3 46. Rxc7 Rd2+ 47. Kf3 a2 48. Ra7 Rd4 49. Rxa2 Rxc4 50. Nd5 Rd4 51. Ne3 Rd7 52. Ra6 Kh7 53. Ng4 Rf7+ 54. Kg3 Re7 55. Kf4 Rf7+ 56. Ke4 g5 57. Nf6+ Kg6 58. Ng4+ Kg7 59. Ne5 Rf4+ 60. Ke3 Rf5 61. Ke4 Rf4+ 62. Kd5 Rf1 63. Ra7+ Kg8 64. Ke6 h5 65. Nf7 g4 66. Nh6+ Kf8 67. Nf5 Re1+ 68. Kf6 Ke8 69. Ng7+ Kd8 70. Nxh5 Re3 71. Rg7 g3 72. Nxg3 Rf3+ 73. Nf5 Rf1 74. Rg8+ Kd7 75. Rg3 Kc6 76. Rd3 Kc5 0-1


[Site "https://www.chess.com"]

[Event "Titled Tuesday Blitz May 16 Early 2023"]
[White "Yanchenko, Roman"]
[Black "Drozdowski, Kacper"]
[WhiteFideId "4137329"]
[BlackFideId "1136720"]
[WhiteElo "2491"]
[BlackElo "2497"]
[Result "1-0"]
[Round "07"]
[TimeControl "180+2"]
[Date "2023.05.16"]
[WhiteClock "0:00:08"]
[BlackClock "0:00:06"]

1. d4 d5 2. Nf3 Nf6 3. c4 c6 4. Nc3 a6 5. cxd5 cxd5 6. Bg5 Nc6 7. e3 e6 8. Bd3 Be7 9. O-O h6 10. Bh4 O-O 11. Rc1 Bd7 12. Na4 Nb4 13. Ne5 Nxd3 14. Nxd3 Bb5 15. Nc3 Bxd3 16. Qxd3 Rc8 17. a3 Qa5 18. Ne2 Qb6 19. b4 a5 20. Bxf6 Bxf6 21. b5 Be7 22. a4 Bb4 23. Rxc8 Rxc8 24. Rc1 Rxc1+ 25. Nxc1 Qc7 26. Qd1 Qc4 27. Nd3 Bd6 28. g3 g6 29. h4 h5 30. Kg2 Kg7 31. Kf3 Qc3 32. Ke2 Bb4 33. Qc1 Qb3 34. Qc7 Qa2+ 35. Kf3 Qb1 36. Ne5 Qf5+ 37. Kg2 Be1 38. Nf3 Qe4 39. b6 Bb4 40. Qxb7 g5 41. hxg5 h4 42. Qc7 h3+ 43. Kxh3 Qxf3 44. Qe5+ Kh7 45. b7 Qh1+ 46. Kg4 Qd1+ 47. f3 Be7 48. b8=Q Qc2 49. Qbh8+ Kg6 50. Qhg7# 1-0


[Site "https://www.chess.com"]

[Event "Titled Tuesday Blitz May 16 Early 2023"]
[White "Nguyen, Ngoc Truong Son"]
[Black "Wagner, Dennis"]
[WhiteFideId "12401110"]
[BlackFideId "24650684"]
[WhiteElo "2556"]
[BlackElo "2478"]
[Result "0-1"]
[Round "07"]
[TimeControl "180+2"]
[Date "2023.05.16"]
[WhiteClock "0:00:00"]
[BlackClock "0:00:03"]

1. d4 Nf6 2. Nf3 d5 3. Bf4 e6 4. e3 c5 5. Nbd2 Qb6 6. Rb1 Bd6 7. Bg3 O-O 8. c3 Nbd7 9. Bd3 Qc7 10. e4 cxd4 11. cxd4 dxe4 12. Nxe4 Nxe4 13. Bxe4 Nf6 14. Bd3 Qa5+ 15. Kf1 Rd8 16. Bh4 Be7 17. Qc2 b6 18. Bxf6 Bxf6 19. Bxh7+ Kf8 20. h4 Ba6+ 21. Bd3 Rac8 22. Qe2 Qxa2 23. Rd1 Bxd3 24. Qxd3 Qxb2 25. g4 Rc2 26. Rh2 a5 27. g5 Be7 28. h5 Rc3 29. Qe4 Bxg5 30. Nxg5 Qb5+ 31. Ke1 Qxg5 32. h6 Qg1+ 33. Kd2 Qxh2 34. hxg7+ Kxg7 35. Kxc3 Qxf2 36. Qc6 Rd5 37. Rd2 Qe3+ 38. Kc2 a4 39. Qxb6 a3 40. Qa7 Rg5 41. Qa8 Rg3 42. d5 Qb3+ 0-1


[Site "https://www.chess.com"]

[Event "Titled Tuesday Blitz May 16 Early 2023"]
[White "Sieciechowicz, Marcin"]
[Black "Yeletsky, Ivan"]
[WhiteFideId "1130170"]
[BlackFideId "24180327"]
[WhiteElo "2302"]
[BlackElo "2380"]
[Result "0-1"]
[Round "07"]
[TimeControl "180+2"]
[Date "2023.05.16"]
[WhiteClock "0:00:11"]
[BlackClock "0:00:07"]

1. d4 Nf6 2. c4 e6 3. Nc3 Bb4 4. Qc2 O-O 5. Nf3 d5 6. cxd5 exd5 7. Bf4 c5 8. dxc5 Qa5 9. Bd2 Nc6 10. e3 Qxc5 11. a3 d4 12. Nxd4 Nxd4 13. exd4 Qe7+ 14. Be2 Bxc3 15. bxc3 Re8 16. Be3 Nd5 17. Qd2 Bf5 18. O-O Rac8 19. Bb5 Bd7 20. Bxd7 Qxd7 21. Rac1 Qa4 22. Qb2 b5 23. Bd2 Nb6 24. Qc2 Re2 25. Qxa4 bxa4 26. Be3 Nc4 27. Rfe1 Rxe1+ 28. Rxe1 Nxa3 29. Kf1 h5 30. d5 Rxc3 31. Bxa7 Nb5 32. Bb8 Rd3 33. Ra1 Rxd5 34. Bf4 a3 35. Ke1 f6 36. Bc1 Rd3 37. Ke2 Rb3 38. Kd1 Kf7 39. Be3 Ke6 40. Kc2 Rc3+ 41. Kd2 Kd5 42. Rb1 Kc4 43. Rxb5 Rd3+ 44. Kc2 Rxe3 45. Ra5 Re2+ 46. Kd1 Rxf2 47. Rxa3 Rxg2 48. Rh3 g6 49. Ke1 Kd5 50. Kf1 Rg5 51. Rd3+ Ke6 52. Rd8 Kf5 53. Rd4 Rg4 54. Rd5+ Ke6 55. Ra5 Rf4+ 56. Kg2 g5 57. Ra6+ Kf7 58. Ra5 Kg6 59. Kg3 Rg4+ 60. Kf3 Rf4+ 61. Kg3 Rb4 62. Rc5 Rb3+ 63. Kg2 h4 64. h3 Rb2+ 65. Kg1 Kf7 66. Rc6 Rd2 67. Rb6 Kg6 68. Rb5 Re2 69. Rc5 Re5 70. Rc4 Kf5 71. Kg2 Re4 72. Rc6 Ke5 73. Ra6 f5 74. Kf3 g4+ 75. hxg4 fxg4+ 76. Kg2 Re2+ 77. Kg1 Rb2 78. Ra3 Kf5 79. Ra5+ Kf4 80. Ra8 Rb1+ 81. Kf2 g3+ 82. Kg2 Rb2+ 83. Kg1 h3 84. Ra1 Rd2 85. Re1 Kf3 86. Rf1+ Ke2 87. Ra1 Rd1+ 0-1


[Site "https://www.chess.com"]

[Event "Titled Tuesday Blitz May 16 Early 2023"]
[White "Ivic, Velimir"]
[Black "Karthik Rajaa"]
[WhiteFideId "950122"]
[BlackFideId "25035215"]
[WhiteElo "2563"]
[BlackElo "2215"]
[Result "1-0"]
[Round "07"]
[TimeControl "180+2"]
[Date "2023.05.16"]
[WhiteClock "0:00:13"]
[BlackClock "0:00:04"]

1. e4 c6 2. Nc3 d5 3. Nf3 Bg4 4. h3 Bxf3 5. Qxf3 e6 6. g3 Nf6 7. Bg2 Bb4 8. e5 Nfd7 9. Qg4 Bf8 10. f4 h5 11. Qe2 g6 12. Nd1 c5 13. d3 Nc6 14. c3 Be7 15. O-O Qc7 16. Ne3 O-O-O 17. c4 Nb6 18. cxd5 Nxd5 19. Nxd5 exd5 20. Be3 Kb8 21. Rfc1 Qb6 22. b4 Nd4 23. Qf2 Qxb4 24. Rab1 Qa4 25. Qb2 Qa6 26. Bxd4 cxd4 27. Qxd4 Rd7 28. e6 Rdd8 29. exf7 Bf6 30. Qb4 Qb6+ 31. Qxb6 axb6 32. Rb5 Bd4+ 33. Kf1 Bc5 34. d4 Bxd4 35. Rxd5 Rxd5 36. Bxd5 Bc5 37. Re1 Kc7 38. Re8 Rf8 39. Kg2 Kd7 40. Bc4 Kc7 41. a4 Kd7 42. g4 hxg4 43. hxg4 Kc7 44. g5 b5 45. axb5 Kb6 46. Kf3 Ka5 47. f5 gxf5 48. g6 Kb4 49. g7 1-0


[Site "https://www.chess.com"]

[Event "Titled Tuesday Blitz May 16 Early 2023"]
[White "Steinberg, Nitzan"]
[Black "Tatarinov, Dmitry"]
[WhiteFideId "2801795"]
[BlackFideId "24160067"]
[WhiteElo "2486"]
[BlackElo "2326"]
[Result "1-0"]
[Round "07"]
[TimeControl "180+2"]
[Date "2023.05.16"]
[WhiteClock "0:00:58"]
[BlackClock "0:00:09"]

1. Nf3 d5 2. d4 c6 3. c4 Nf6 4. e3 Bf5 5. Nc3 e6 6. Nh4 Be4 7. f3 Bg6 8. Bd2 Nbd7 9. Nxg6 hxg6 10. Qc2 Qc7 11. O-O-O O-O-O 12. g3 dxc4 13. Bxc4 Kb8 14. e4 Ka8 15. Bf4 Qa5 16. a3 Nb6 17. Bb3 g5 18. Bd2 Qa6 19. Bxg5 Be7 20. Kb1 Rd7 21. h4 Rhd8 22. Be3 Nc4 23. Bf2 Na5 24. Ba2 Nc4 25. g4 Nb6 26. h5 Qa5 27. Be3 Ne8 28. Ne2 Nd6 29. Nc1 Nb5 30. Nb3 Qa4 31. g5 Nc4 32. Bc1 Bxa3 33. Nc5 Qxc2+ 34. Kxc2 Nxd4+ 35. Rxd4 Rxd4 36. bxa3 Ne5 37. f4 Ng4 38. g6 b6 39. Nb3 Rxe4 40. gxf7 Re2+ 41. Kb1 Rf8 42. Nd4 Re4 43. Nxe6 Rxf7 44. Ng5 Rfxf4 45. Nxe4 Rxe4 46. Rg1 Kb7 47. Bf7 Ka6 48. Bg6 Rd4 49. Bb2 Rc4 50. Bd3 1-0


[Site "https://www.chess.com"]

[Event "Titled Tuesday Blitz May 16 Early 2023"]
[White "Harshavardhan G B"]
[Black "Hafiz, Arif Abdul"]
[WhiteFideId "25059009"]
[BlackFideId "7104227"]
[WhiteElo "2323"]
[BlackElo "2198"]
[Result "1-0"]
[Round "07"]
[TimeControl "180+2"]
[Date "2023.05.16"]
[WhiteClock "0:00:09"]
[BlackClock "0:00:02"]

1. e4 e5 2. Nc3 Nc6 3. Bc4 Nf6 4. d3 Bb4 5. Ne2 Na5 6. O-O Nxc4 7. dxc4 d6 8. Bg5 Be6 9. Bxf6 gxf6 10. Nd5 Bc5 11. Ng3 c6 12. Ne3 Bxe3 13. fxe3 Bxc4 14. Rf2 Qd7 15. Rxf6 O-O-O 16. Qh5 Qc7 17. b3 Be6 18. Raf1 Qb6 19. Qh6 a5 20. a4 Qc5 21. R1f2 Kb8 22. h3 b5 23. Kh2 bxa4 24. bxa4 Qb4 25. c3 Qxa4 26. Rb2+ Ka8 27. Rxe6 fxe6 28. Qxe6 Qa3 29. Ra2 Qc5 30. Nf5 h5 31. Qe7 Qa7 32. Qf6 Qc7 33. Qe6 h4 34. Rd2 Rhe8 35. Qf6 Rg8 36. Qxh4 d5 37. Qf6 dxe4 38. Ra2 Kb7 39. Qe6 Qb6 40. Nd6+ Ka6 41. Nc4 Ka7 42. Nxb6 Kxb6 43. Qb3+ Kc7 44. Rxa5 Ra8 45. Rxa8 Rxa8 46. Qf7+ Kb6 47. Qe6 1-0


[Site "https://www.chess.com"]

[Event "Titled Tuesday Blitz May 16 Early 2023"]
[White "Sychev, Klementy"]
[Black "Dimitrov, Atanas"]
[WhiteFideId "4114060"]
[BlackFideId "2901315"]
[WhiteElo "2583"]
[BlackElo "2722"]
[Result "1-0"]
[Round "07"]
[TimeControl "180+2"]
[Date "2023.05.16"]
[WhiteClock "0:00:44"]
[BlackClock "0:00:27"]

1. e4 c5 2. Nf3 d6 3. d4 cxd4 4. Nxd4 Nf6 5. Nc3 g6 6. Be3 Bg7 7. f3 Nc6 8. Qd2 Bd7 9. O-O-O O-O 10. g4 Ne5 11. h4 h5 12. gxh5 Nxh5 13. Rg1 Rc8 14. Bh6 e6 15. Bxg7 Kxg7 16. f4 Nc4 17. Bxc4 Rxc4 18. Nf3 Bc6 19. f5 Qf6 20. Nd4 Rh8 21. Nxe6+ fxe6 22. Rxg6+ Qxg6 23. fxg6 Kxg6 24. Rf1 Ng7 25. Qg5+ Kh7 26. Rf7 1-0


[Site "https://www.chess.com"]

[Event "Titled Tuesday Blitz May 16 Early 2023"]
[White "Papasimakopoulos, Alexandros"]
[Black "Bharath Subramaniyam H"]
[WhiteFideId "4244125"]
[BlackFideId "46634827"]
[WhiteElo "2359"]
[BlackElo "2400"]
[Result "1-0"]
[Round "07"]
[TimeControl "180+2"]
[Date "2023.05.16"]
[WhiteClock "0:00:09"]
[BlackClock "0:00:07"]

1. d4 Nf6 2. c4 b6 3. f3 Nc6 4. d5 Ne5 5. e4 e6 6. Be3 Bc5 7. Qd2 O-O 8. Nc3 Re8 9. Nh3 Ba6 10. Bxc5 bxc5 11. b3 exd5 12. Nxd5 c6 13. Nc3 d5 14. cxd5 Bxf1 15. Kxf1 Qa5 16. Rd1 Rad8 17. Nf4 c4 18. d6 cxb3 19. axb3 Qb4 20. Kf2 Qxb3 21. Rb1 Qa3 22. Rhd1 Nc4 23. Qd4 Nxd6 24. Kg1 Nb7 25. Qc4 Na5 26. Qb4 Rxd1+ 27. Nxd1 Qxb4 28. Rxb4 Nd7 29. Ra4 Re5 30. Nc3 Nb6 31. Ra1 Nbc4 32. Nd3 Re8 33. Nb2 Nb3 34. Ra2 Nc1 35. Ra1 Nxb2 36. Rxc1 Rb8 37. Ra1 Rb7 38. Ra6 Rc7 39. Kf1 Nd3 40. Na4 Nb4 41. Ra5 Kf8 42. Ke2 Ke7 43. Nc5 Kd6 44. Nb3 c5 45. Kd2 c4 46. Nd4 c3+ 47. Kc1 c2 48. Nb5+ Kc6 49. Nxc7 Kxc7 50. Rxa7+ Kd6 51. Rxf7 Kc5 52. Rxg7 Kd4 53. Rxh7 Kc3 54. Rc7+ Kb3 55. h4 Nd3+ 56. Kd2 1-0


[Site "https://www.chess.com"]

[Event "Titled Tuesday Blitz May 16 Early 2023"]
[White "Soham Kamotra"]
[Black "Bacrot, Etienne"]
[WhiteFideId "46647490"]
[BlackFideId "605506"]
[WhiteElo "2209"]
[BlackElo "2672"]
[Result "0-1"]
[Round "07"]
[TimeControl "180+2"]
[Date "2023.05.16"]
[WhiteClock "0:00:00"]
[BlackClock "0:00:32"]

1. c4 c6 2. Nf3 d5 3. b3 Nf6 4. Bb2 e6 5. e3 Nbd7 6. Be2 Bd6 7. O-O O-O 8. Nc3 e5 9. d3 Re8 10. e4 d4 11. Nb1 Nf8 12. Na3 h6 13. Nc2 g5 14. a3 a5 15. b4 a4 16. Nd2 b5 17. Re1 Ng6 18. Bf1 Nf4 19. g3 Nh3+ 20. Bxh3 Bxh3 21. c5 Bc7 22. Qf3 Re6 23. Nf1 Qd7 24. Ra2 Kg7 25. Qe2 g4 26. Bc1 Rh8 27. Qd2 Nh7 28. Qd1 Rf6 29. Re2 Nf8 30. Ne1 Ne6 31. Bd2 Kf8 32. Qc1 Bd8 33. Rc2 h5 34. f3 gxf3 35. Rf2 Bg4 36. Qd1 h4 37. Nxf3 Ng7 38. Bg5 Rxf3 39. Rxf3 Bxf3 40. Qxf3 Bxg5 41. Rf2 f6 42. g4 Ne6 43. h3 Nf4 44. Kh2 Qe6 45. Qd1 Qb3 46. Qxb3 axb3 47. Rb2 Nxd3 48. Rxb3 Nf2 49. Kg2 Nxe4 50. a4 bxa4 51. Ra3 Nc3 52. Kf3 Ke7 0-1


[Site "https://www.chess.com"]

[Event "Titled Tuesday Blitz May 16 Early 2023"]
[White "Salinas Herrera, Pablo"]
[Black "RobertDowneyJr0111"]
[WhiteFideId "3407128"]
[WhiteElo "2546"]
[BlackElo "2633"]
[Result "1-0"]
[Round "07"]
[TimeControl "180+2"]
[Date "2023.05.16"]
[WhiteClock "0:00:47"]
[BlackClock "0:00:06"]

1. e4 e5 2. Nf3 Nc6 3. Bc4 Bc5 4. O-O Nf6 5. d3 d6 6. c3 a6 7. a4 Ba7 8. b4 O-O 9. h3 Ne7 10. Re1 Ng6 11. Nbd2 h6 12. Nf1 Re8 13. Be3 Bxe3 14. Nxe3 c6 15. Qc2 Nh7 16. d4 Qf6 17. dxe5 dxe5 18. Nf5 Nf4 19. Kh2 g6 20. Nxh6+ Kg7 21. Nxf7 Nxh3 22. Qd2 Nf4 23. g3 Ne6 24. N3xe5 Nhg5 25. f4 Nxf7 26. Ng4 Qd8 27. Qe3 Neg5 28. Rad1 Qe7 29. Qd4+ Kf8 30. fxg5 Bxg4 31. Rf1 Bxd1 32. Qh8# 1-0


[Site "https://www.chess.com"]

[Event "Titled Tuesday Blitz May 16 Early 2023"]
[White "Spata, German"]
[Black "Sviridov, Valery"]
[WhiteFideId "113026"]
[BlackFideId "4120680"]
[WhiteElo "2260"]
[BlackElo "2457"]
[Result "0-1"]
[Round "07"]
[TimeControl "180+2"]
[Date "2023.05.16"]
[WhiteClock "0:00:00"]
[BlackClock "0:02:03"]

1. Nf3 Nf6 2. e3 g6 3. d4 Bg7 4. Be2 O-O 5. O-O d6 6. b3 e5 7. dxe5 dxe5 8. Bb2 e4 9. Qxd8 Rxd8 10. Nfd2 Re8 11. a4 Nc6 12. Na3 a6 13. Rad1 h5 14. Nac4 Bf5 15. h3 Rad8 16. Nb1 Nb4 17. Nba3 Nfd5 18. Bxg7 Kxg7 19. Rfe1 Nc3 20. Rxd8 Rxd8 21. Bf1 h4 22. Rc1 b5 23. axb5 axb5 24. Nb2 c6 25. Nb1 Nba2 26. Re1 Nxb1 27. Rxb1 Nc3 28. Rc1 Rd2 29. Ra1 Be6 30. f3 Bd5 31. fxe4 Bxe4 32. Nd3 Rxc2 33. Nf2 Bd5 34. b4 Ne4 35. Nxe4 Bxe4 36. Rd1 Rb2 37. Rd4 f5 38. Kh1 g5 39. Kg1 Kf6 40. Rd6+ Ke5 41. Rg6 Rxb4 42. Rxg5 Rb1 43. g3 Bd3 0-1


[Site "https://www.chess.com"]